Senators vs Harfangs

Created - January 26, 2018 at 19:26

Goals
1 2 3 T
Senators 2 1 0 3
Harfangs 2 1 1 4
Shots
1 2 3 T
Senators 14 5 7 26
Harfangs 10 7 16 33

1st period

1. Senators , Chris Thorburn 35 (Stephane Da Costa 32) at 1:15
2. Harfangs , Joel Armia 6 (Jean-Gabriel Pageau 21) at 14:16
3. Harfangs , Vojtech Polak 11 (Calle Jarnkrok 19, Nathan Beaulieu 20) at 15:15
4. Senators , Stephane Da Costa 30 (Chris Thorburn 31, Shane Sims 15) at 16:52

Penalties :
Jujhar Khaira (BEA) for High sticking (Minor) at 10:45, Chris Thorburn (BIN) for Holding (Minor) at 18:29

2nd period

5. Harfangs , Jean-Gabriel Pageau 15 (Vojtech Polak 17) at 0:22 (PP)
6. Senators , Stephane Da Costa 31 (Tomas Jurco 9, Patrick Wey 23) at 6:38

Penalties :
Jujhar Khaira (BEA) for Roughing (Minor) at 0:44, Zemgus Girgensons (BIN) for Interference (Minor) at 10:04, Andreas Martinsen (BEA) for Holding (Minor) at 13:25, Matt Frattin (BIN) for Tripping (Minor) at 19:09

3rd period

7. Harfangs , Dennis Everberg 5 (John Macfarland 2, Jujhar Khaira 1) at 19:13

Penalties :
Michal Repik (BEA) for Interference (Minor) at 13:29, Nicolas Deslauriers (BIN) for Hooking (Minor) at 16:55, Gabriel Landeskog (BIN) for Hooking (Minor) at 19:40

Goalie Stats

Brad Thiessen (BIN), 29 saves from 33 shots - (0.879), L, 22-10-1, 60:00 minutes
Andrew Hammond (BEA), 23 saves from 26 shots - (0.885), W, 17-12-2, 60:00 minutes

Players Stats for Senators

Player Name              G  A  P  +/- PIM S  H  SB GA TA FO     MP     PP MP  PK MP  
------------------------------------------------------------------------------------
Chandler Stephenson      0  0  0   0  0   0  0  0  0  0  0/1     1:20   0:00   1:17 
Chris Thorburn           1  1  2   2  2   2  0  2  0  0  0/1    18:42   3:50   1:32 
Dylan Blujus             0  0  0   0  0   1  0  0  0  1  0/0    11:34   0:00   0:00 
Freddie Hamilton         0  0  0   0  0   0  0  0  0  0  0/0     0:22   0:13   0:00 
Gabriel Bourque          0  0  0  -1  0   1  2  1  0  0  2/4    17:33   3:48   1:59 
Gabriel Landeskog        0  0  0   2  2   0  1  1  1  0  8/13   22:43   4:05   5:23 
Jeff Petry               0  0  0   1  0   3  1  2  0  0  0/0    19:56   2:47   2:44 
Keegan Lowe              0  0  0   0  0   0  0  1  0  0  0/0     3:36   0:00   0:00 
Logan Stephenson         0  0  0  -2  0   1  1  0  2  0  0/0    27:05   5:09   5:25 
Marc-André Bernier       0  0  0  -1  0   1  1  0  0  1  0/1    10:15   0:00   0:00 
Matt Frattin             0  0  0  -1  2   1  3  1  0  0  0/0    15:14   3:48   0:00 
Nicolas Deslauriers      0  0  0   1  2   1  3  0  0  0  0/0    13:01   0:00   0:00 
Patrick Bordeleau        0  0  0  -1  0   2  0  0  2  0  0/1    10:15   0:00   0:00 
Patrick Wey              0  1  1  -1  0   1  0  2  0  0  0/0    24:54   5:09   5:25 
Phil Di Giuseppe         0  0  0   0  0   0  0  0  0  0  0/0     4:37   0:18   0:00 
Ryan Dzingel             0  0  0   0  0   3  0  1  0  0  0/0     9:00   0:00   0:22 
Shane Prince             0  0  0  -1  0   0  1  0  0  1  2/3    10:15   0:00   0:00 
Shane Sims               0  1  1   1  0   2  0  0  1  0  0/0    19:56   2:47   2:44 
Stephane Da Costa        2  1  3   2  0   6  3  0  0  0  12/26  22:47   3:55   5:45 
Tomas Jurco              0  1  1   0  0   0  0  1  0  0  0/0     4:33   0:03   0:00 
Tommy Wingels            0  0  0  -1  0   0  2  1  0  0  3/6    15:09   3:48   0:00 
Zemgus Girgensons        0  0  0   0  2   1  2  0  0  0  2/5     8:59   0:00   0:00 

Players Stats for Harfangs

Player Name              G  A  P  +/- PIM S  H  SB GA TA FO     MP     PP MP  PK MP  
------------------------------------------------------------------------------------
Andreas Martinsen        0  0  0   0  2   1  2  1  1  0  0/0    17:05   2:21   1:31 
Brian Lashoff            0  0  0  -1  0   0  0  3  1  2  0/0    13:25   0:25   0:00 
Calle Jarnkrok           0  1  1   1  0   1  1  1  0  0  2/5    12:30   0:00   2:27 
Cody Eakin               0  0  0   0  0   0  1  0  1  1  5/8    15:19   2:21   0:28 
Cristoval Nieves         0  0  0  -1  0   0  2  0  0  0  2/4     7:30   0:00   0:00 
Dennis Everberg          1  0  1   2  0   3  0  1  0  0  0/0    10:17   0:35   0:00 
Dylan Olsen              0  0  0   0  0   0  0  1  0  0  0/0    18:36   2:53   3:13 
Jake Dotchin             0  0  0  -1  0   0  1  1  0  0  0/0    13:18   0:18   0:00 
Jean-Gabriel Pageau      1  1  2  -1  0   5  1  1  0  1  22/41  22:55   5:13   4:11 
Joel Armia               1  0  1  -1  0   1  3  1  0  1  1/2    18:38   5:13   0:00 
John Macfarland          0  1  1   0  0   0  0  0  0  0  0/0     9:47   0:35   1:21 
Jujhar Khaira            0  1  1   0  4   2  2  0  0  0  0/0    13:49   0:35   0:00 
Mark Alt                 0  0  0   1  0   1  0  1  0  0  0/0    26:42   4:53   4:43 
Michal Repik             0  0  0  -1  2   3  1  0  0  0  0/0    10:26   0:00   1:54 
Nathan Beaulieu          0  1  1   0  0   2  0  0  0  0  0/0    19:55   2:53   3:13 
Tomas Kubalik            0  0  0   0  0   3  2  0  0  0  0/1    14:51   2:21   0:00 
Victor Bartley           0  0  0   1  0   5  2  2  0  1  0/0    28:04   4:56   4:43 
Vojtech Polak            1  1  2   1  0   6  2  0  0  0  0/0    18:53   5:13   4:00 

3 Stars

1 - Stephane Da Costa (BIN)
2 - Vojtech Polak (BEA)
3 - Dennis Everberg (BEA)

Power Play

Senators - 0 on 4 Attempt(s) - 0.00%
Harfangs - 1 on 5 Attempt(s) - 20.00%

Penalty Kill

Senators - 4 on 5 Attempt(s) - 80.00% - Score 0 goal in Penalty Kill
Harfangs - 4 on 4 Attempt(s) - 100.00% - Score 0 goal in Penalty Kill

Team Stat

Senators - Hits : 20 - Faceoff Wins : 29 - Blocked Shots : 13 - Penalty Minutes : 10
Harfangs - Hits : 20 - Faceoff Wins : 32 - Blocked Shots : 13 - Penalty Minutes : 8

Official

Referees : L'Ecuyer Frederick and Kowal Tom
Linesman : Steve Miller and Mark Pare

Game Notes

Tomas Jurco is injured at 8:27 of 2nd period (Left Leg)

Finance

Level 1 -- Attendance: 1512 (75.60%) -- Ticket Income $51,408
Level 2 -- Attendance: 742 (74.20%) -- Ticket Income $14,098
Total Attendance: 2254 (75.13%)
Total Ticket Income: $65,506
Other Income: $3,275
Total Income: $68,781

Senators

5 vs 5 Forward 
   Center                   Left Wing                Right Wing               Time % Phy DF OF 
 1 Stephane Da Costa        Gabriel Landeskog        Chris Thorburn           40     1   2  2  
 2 Tommy Wingels            Gabriel Bourque          Matt Frattin             30     1   2  2  
 3 Shane Prince             Patrick Bordeleau        Marc-André Bernier       20     1   2  2  
 4 Zemgus Girgensons        Ryan Dzingel             Tomas Jurco              10     1   2  2  

5 vs 5 Defense 
   Defense                  Defense                                           Time % Phy DF OF 
 1 Logan Stephenson         Patrick Wey                                       40     1   2  2  
 2 Shane Sims               Jeff Petry                                        30     1   2  2  
 3 Nicolas Deslauriers      Dylan Blujus                                      20     1   2  2  
 4 Keegan Lowe              Logan Stephenson                                  10     1   2  2  

PowerPlay Forward 
   Center                   Left Wing                Right Wing               Time % Phy DF OF 
 1 Stephane Da Costa        Gabriel Landeskog        Chris Thorburn           60     1   2  2  
 2 Tommy Wingels            Gabriel Bourque          Matt Frattin             40     1   2  2  

PowerPlay Defense
   Defense                  Defense                                           Time % Phy DF OF 
 1 Logan Stephenson         Patrick Wey                                       60     1   2  2  
 2 Shane Sims               Jeff Petry                                        40     1   2  2  

Penalty Kill 4 Players Forward 
   Center                   Wing                     Time % Phy DF OF 
 1 Gabriel Landeskog        Stephane Da Costa        60     1   2  2  
 2 Gabriel Bourque          Chris Thorburn           40     1   2  2  

Penalty Kill 4 Players Defense
   Defense                  Defense                  Time % Phy DF OF 
 1 Logan Stephenson         Patrick Wey              60     1   2  2  
 2 Shane Sims               Jeff Petry               40     1   2  2  

Penalty Kill - 3 Players Forward 
   Forward                                           Time % Phy DF OF 
 1 Gabriel Landeskog                                 60     1   2  2  
 2 Stephane Da Costa                                 40     1   2  2  

Penalty Kill - 3 Players Defense
   Defense                  Defense                  Time % Phy DF OF 
 1 Logan Stephenson         Patrick Wey              60     1   2  2  
 2 Shane Sims               Jeff Petry               40     1   2  2  

4 vs 4 Forward 
   Center                   Wing                     Time % Phy DF OF 
 1 Gabriel Landeskog        Stephane Da Costa        60     1   2  2  
 2 Gabriel Bourque          Chris Thorburn           40     1   2  2  

4 vs 4 Defense
   Defense                  Defense                  Time % Phy DF OF 
 1 Logan Stephenson         Patrick Wey              60     1   2  2  
 2 Shane Sims               Jeff Petry               40     1   2  2  

Last Minutes Offensive
   Center                   Left Wing                Right Wing               Defense                  Defense                  
   Stephane Da Costa        Gabriel Landeskog        Chris Thorburn           Logan Stephenson         Patrick Wey              

Last Minutes Defensive
   Center                   Left Wing                Right Wing               Defense                  Defense                  
   Stephane Da Costa        Gabriel Landeskog        Chris Thorburn           Logan Stephenson         Patrick Wey              

Goaltenders
Starting : Brad Thiessen            
Backup : Ben Bishop               

Extra Forwards
Normal : Phil Di Giuseppe, Freddie Hamilton, Chandler Stephenson - PP : Phil Di Giuseppe, Freddie Hamilton - PK : Chandler Stephenson
Extra Defensemen
Normal : Nicolas Deslauriers, Dylan Blujus, Keegan Lowe - PP : Nicolas Deslauriers - PK : Dylan Blujus, Keegan Lowe
Penalty Shots
Gabriel Landeskog, Stephane Da Costa, Gabriel Bourque, Chris Thorburn, Tommy Wingels

Scratches
Matt Tomkins (Healthy)

Harfangs

5 vs 5 Forward 
   Center                   Left Wing                Right Wing               Time % Phy DF OF 
 1 Jean-Gabriel Pageau      Jujhar Khaira            Joel Armia               40     1   2  2  
 2 Cody Eakin               Andreas Martinsen        Tomas Kubalik            30     1   2  2  
 3 Calle Jarnkrok           Vojtech Polak            Dennis Everberg          20     1   2  2  
 4 Cristoval Nieves         John Macfarland          Michal Repik             10     1   2  2  

5 vs 5 Defense 
   Defense                  Defense                                           Time % Phy DF OF 
 1 Victor Bartley           Mark Alt                                          40     1   2  2  
 2 Nathan Beaulieu          Dylan Olsen                                       30     1   2  2  
 3 Brian Lashoff            Jake Dotchin                                      20     1   2  2  
 4 Victor Bartley           Nathan Beaulieu                                   10     1   2  2  

PowerPlay Forward 
   Center                   Left Wing                Right Wing               Time % Phy DF OF 
 1 Jean-Gabriel Pageau      Vojtech Polak            Joel Armia               60     1   2  2  
 2 Cody Eakin               Andreas Martinsen        Tomas Kubalik            40     1   2  2  

PowerPlay Defense
   Defense                  Defense                                           Time % Phy DF OF 
 1 Victor Bartley           Mark Alt                                          60     1   2  2  
 2 Nathan Beaulieu          Dylan Olsen                                       40     1   2  2  

Penalty Kill 4 Players Forward 
   Center                   Wing                     Time % Phy DF OF 
 1 Jean-Gabriel Pageau      Vojtech Polak            60     1   2  2  
 2 Calle Jarnkrok           Michal Repik             40     1   2  2  

Penalty Kill 4 Players Defense
   Defense                  Defense                  Time % Phy DF OF 
 1 Victor Bartley           Mark Alt                 60     1   2  2  
 2 Nathan Beaulieu          Dylan Olsen              40     1   2  2  

Penalty Kill - 3 Players Forward 
   Forward                                           Time % Phy DF OF 
 1 Jean-Gabriel Pageau                               60     1   2  2  
 2 Calle Jarnkrok                                    40     1   2  2  

Penalty Kill - 3 Players Defense
   Defense                  Defense                  Time % Phy DF OF 
 1 Victor Bartley           Brian Lashoff            60     1   2  2  
 2 Nathan Beaulieu          Dylan Olsen              40     1   2  2  

4 vs 4 Forward 
   Center                   Wing                     Time % Phy DF OF 
 1 Jean-Gabriel Pageau      Vojtech Polak            60     1   2  2  
 2 Calle Jarnkrok           Tomas Kubalik            40     1   2  2  

4 vs 4 Defense
   Defense                  Defense                  Time % Phy DF OF 
 1 Victor Bartley           Mark Alt                 60     1   2  2  
 2 Nathan Beaulieu          Dylan Olsen              40     1   2  2  

Last Minutes Offensive
   Center                   Left Wing                Right Wing               Defense                  Defense                  
   Cody Eakin               Vojtech Polak            Tomas Kubalik            Victor Bartley           Nathan Beaulieu          

Last Minutes Defensive
   Center                   Left Wing                Right Wing               Defense                  Defense                  
   Jean-Gabriel Pageau      Andreas Martinsen        Michal Repik             Victor Bartley           Nathan Beaulieu          

Goaltenders
Starting : Andrew Hammond           
Backup : Mark Visentin            

Extra Forwards
Normal : Joel Armia, John Macfarland, Andreas Martinsen - PP : Joel Armia, John Macfarland - PK : Andreas Martinsen
Extra Defensemen
Normal : Brian Lashoff, Victor Bartley, Nathan Beaulieu - PP : Brian Lashoff - PK : Victor Bartley, Nathan Beaulieu
Penalty Shots
Cody Eakin, Vojtech Polak, Michal Repik, Tomas Kubalik, Dennis Everberg

Scratches
Brandon Pirri (Left Ankle Injury), Colton Sissons (Sore Right Knee Injury), Brenden Kichton (Healthy), Sebastian Wannstrom (Healthy), Reid McNeill (Healthy)
Brendan Leipsic (Healthy), Alex Plante (Healthy), Angelo Esposito (Healthy), Dustin Jeffrey (Healthy), Nick Holden (Healthy)
Anton Forsberg (Healthy), Jason Kasdorf (Healthy), Scott Wedgewood (Healthy)

% Time on Ice - Senators

Lines # - Real PCT - Wanted PCT - Time Play
Normal Forward
1 - 30% - 40% - 12:52
2 - 27% - 30% - 11:46
3 - 24% - 20% - 10:15
4 - 20% - 10% - 8:35
Normal Defense
1 - 32% - 40% - 13:53
2 - 33% - 30% - 14:25
3 - 27% - 20% - 11:34
4 - 8% - 10% - 3:36
PP Forward
1 - 52% - 60% - 4:08
2 - 48% - 40% - 3:48
PP Defense
1 - 65% - 60% - 5:09
2 - 35% - 40% - 2:47
PK Forward
1 - 76% - 60% - 6:10
2 - 24% - 40% - 1:59
PK Defense
1 - 66% - 60% - 5:25
2 - 34% - 40% - 2:44
PK3 Forward
1 - 0% - 60%
2 - 0% - 40%
PK3 Defense
1 - 0% - 60%
2 - 0% - 40%
44 Forward
1 - 0% - 60%
2 - 0% - 40%
44 Defense
1 - 0% - 60%
2 - 0% - 40%
Last Minute Offensive  - 0:27
Last Minute Defensive  - 0:00
Total
Forward - 60:00
Defense - 60:00

% Time on Ice - Harfangs

Lines # - Real PCT - Wanted PCT - Time Play
Normal Forward
1 - 31% - 40% - 13:25
2 - 30% - 30% - 13:06
3 - 22% - 20% - 9:27
4 - 17% - 10% - 7:30
Normal Defense
1 - 39% - 40% - 17:06
2 - 29% - 30% - 12:30
3 - 30% - 20% - 13:00
4 - 2% - 10% - 0:52
PP Forward
1 - 71% - 60% - 5:48
2 - 29% - 40% - 2:21
PP Defense
1 - 65% - 60% - 5:16
2 - 35% - 40% - 2:53
PK Forward
1 - 69% - 60% - 5:29
2 - 31% - 40% - 2:27
PK Defense
1 - 59% - 60% - 4:43
2 - 41% - 40% - 3:13
PK3 Forward
1 - 0% - 60%
2 - 0% - 40%
PK3 Defense
1 - 0% - 60%
2 - 0% - 40%
44 Forward
1 - 0% - 60%
2 - 0% - 40%
44 Defense
1 - 0% - 60%
2 - 0% - 40%
Last Minute Offensive  - 0:00
Last Minute Defensive  - 0:27
Total
Forward - 60:00
Defense - 60:00

Play by Play

1st period


0:01 of 1st period - Jean-Gabriel Pageau wins face-off versus Stephane Da Costa in neutral zone.
0:39 of 1st period - Logan Stephenson is hit by Tomas Kubalik.
0:55 of 1st period - Snap shot by Patrick Bordeleau.
0:55 of 1st period - Stopped by Andrew Hammond without a rebound.
0:56 of 1st period - Zemgus Girgensons wins face-off versus Cristoval Nieves in Harfangs zone.
0:57 of 1st period - Snap shot by Shane Sims.
0:57 of 1st period - Stopped by Andrew Hammond without a rebound.
0:58 of 1st period - Zemgus Girgensons wins face-off versus Cristoval Nieves in Harfangs zone.
1:07 of 1st period - Slapshot by Ryan Dzingel.
1:07 of 1st period - Deflect By Zemgus Girgensons.
1:07 of 1st period - Shot Blocked by Brian Lashoff.
1:07 of 1st period - Puck is out of play.
1:08 of 1st period - Stephane Da Costa wins face-off versus Joel Armia in Harfangs zone.
1:15 of 1st period - Wrist shot by Chris Thorburn.
1:15 of 1st period - Goal by Chris Thorburn - Senators : 1 - Harfangs : 0.
1:16 of 1st period - Cody Eakin wins face-off versus Marc-André Bernier in neutral zone.
1:21 of 1st period - Snap shot by Andreas Martinsen.
1:21 of 1st period - Shot Misses the Net.
1:23 of 1st period - Slapshot by Victor Bartley.
1:23 of 1st period - Shot Misses the Net.
1:48 of 1st period - Chris Thorburn is hit by Jujhar Khaira and loses puck.
2:08 of 1st period - Gabriel Bourque is hit by Jake Dotchin and loses puck.
2:56 of 1st period - Wrist shot by Patrick Bordeleau.
2:56 of 1st period - Shot Blocked by Mark Alt.
3:33 of 1st period - Wrist shot by Michal Repik.
3:33 of 1st period - Shot Blocked by Keegan Lowe.
3:35 of 1st period - Backhand shot by Michal Repik.
3:35 of 1st period - Stopped by Brad Thiessen with a rebound.
3:37 of 1st period - Slapshot by Mark Alt.
3:37 of 1st period - Stopped by Brad Thiessen with a rebound.
3:49 of 1st period - Snap shot by Michal Repik.
3:49 of 1st period - Deflect By Cristoval Nieves.
3:49 of 1st period - Shot Misses the Net.
3:49 of 1st period - Puck is out of play.
3:50 of 1st period - Jean-Gabriel Pageau wins face-off versus Stephane Da Costa in Senators zone.
4:01 of 1st period - Slapshot by Stephane Da Costa.
4:01 of 1st period - Shot Blocked by Dylan Olsen.
4:17 of 1st period - Dylan Olsen is hit by Jeff Petry and loses puck.
4:47 of 1st period - Brian Lashoff is hit by Tommy Wingels.
5:05 of 1st period - Slapshot by Joel Armia.
5:05 of 1st period - Shot Blocked by Gabriel Landeskog.
5:48 of 1st period - Jujhar Khaira is hit by Matt Frattin and loses puck.
5:59 of 1st period - Slapshot by Matt Frattin.
5:59 of 1st period - Stopped by Andrew Hammond with a rebound.
6:09 of 1st period - Wrist shot by Andreas Martinsen.
6:09 of 1st period - Shot Blocked by Jeff Petry.
6:12 of 1st period - Icing by Jeff Petry.
6:13 of 1st period - Cody Eakin wins face-off versus Zemgus Girgensons in Senators zone.
6:48 of 1st period - Ryan Dzingel is hit by Andreas Martinsen and loses puck.
7:07 of 1st period - Snap shot by Cody Eakin.
7:07 of 1st period - Shot Misses the Net.
7:09 of 1st period - Slapshot by Cody Eakin.
7:09 of 1st period - Shot Misses the Net.
7:11 of 1st period - Slapshot by Brian Lashoff.
7:11 of 1st period - Shot Blocked by Patrick Wey.
7:13 of 1st period - Slapshot by Brian Lashoff.
7:13 of 1st period - Deflect By Tomas Kubalik.
7:13 of 1st period - Shot Blocked by Ryan Dzingel.
7:13 of 1st period - Puck is out of play.
7:14 of 1st period - Jean-Gabriel Pageau wins face-off versus Stephane Da Costa in Senators zone.
7:29 of 1st period - Snap shot by Chris Thorburn.
7:29 of 1st period - Deflect By Stephane Da Costa.
7:29 of 1st period - Stopped by Andrew Hammond without a rebound.
7:30 of 1st period - Tommy Wingels wins face-off versus Calle Jarnkrok in Harfangs zone.
7:55 of 1st period - Jujhar Khaira is hit by Stephane Da Costa and loses puck.
8:34 of 1st period - Wrist shot by Gabriel Landeskog.
8:34 of 1st period - Shot Misses the Net.
8:36 of 1st period - Slapshot by Logan Stephenson.
8:36 of 1st period - Stopped by Andrew Hammond with a rebound.
8:38 of 1st period - Slapshot by Marc-André Bernier.
8:38 of 1st period - Stopped by Andrew Hammond with a rebound.
8:40 of 1st period - Snap shot by Marc-André Bernier.
8:40 of 1st period - Shot Misses the Net.
8:42 of 1st period - Wrist shot by Patrick Bordeleau.
8:42 of 1st period - Shot Misses the Net.
8:44 of 1st period - Slapshot by Logan Stephenson.
8:44 of 1st period - Shot Misses the Net.
9:43 of 1st period - Mark Alt is hit by Marc-André Bernier and loses puck.
10:11 of 1st period - Icing by Tommy Wingels.
10:12 of 1st period - Gabriel Bourque wins face-off versus Calle Jarnkrok in Senators zone.
10:23 of 1st period - Wrist shot by Dennis Everberg.
10:23 of 1st period - Shot Misses the Net.
10:25 of 1st period - Wrist shot by Vojtech Polak.
10:25 of 1st period - Stopped by Brad Thiessen with a rebound.
10:43 of 1st period - Wrist shot by Stephane Da Costa.
10:43 of 1st period - Shot Misses the Net.
10:45 of 1st period - Minor Penalty to Jujhar Khaira for High sticking.
10:46 of 1st period - Stephane Da Costa wins face-off versus Jean-Gabriel Pageau in Harfangs zone.
10:47 of 1st period - Wrist shot by Chris Thorburn.
10:47 of 1st period - Stopped by Andrew Hammond without a rebound.
10:48 of 1st period - Jean-Gabriel Pageau wins face-off versus Chris Thorburn in Harfangs zone.
11:29 of 1st period - Snap shot by Calle Jarnkrok.
11:29 of 1st period - Shot Blocked by Patrick Wey.
11:53 of 1st period - Snap shot by Nathan Beaulieu.
11:53 of 1st period - Shot Blocked by Jeff Petry.
12:21 of 1st period - Gabriel Bourque is hit by Michal Repik and loses puck.
12:45 of 1st period - Penalty to Jujhar Khaira is over, Jujhar Khaira is back on ice.
13:00 of 1st period - Nathan Beaulieu is hit by Shane Prince and loses puck.
13:21 of 1st period - Wrist shot by Tomas Jurco.
13:21 of 1st period - Deflect By Zemgus Girgensons.
13:21 of 1st period - Stopped by Andrew Hammond with a rebound.
13:25 of 1st period - Snap shot by Tomas Jurco.
13:25 of 1st period - Deflect By Ryan Dzingel.
13:25 of 1st period - Stopped by Andrew Hammond with a rebound.
13:37 of 1st period - Snap shot by Joel Armia.
13:37 of 1st period - Shot Misses the Net.
13:44 of 1st period - Icing by Dylan Blujus.
13:45 of 1st period - Stephane Da Costa wins face-off versus Cody Eakin in Senators zone.
13:54 of 1st period - Snap shot by Stephane Da Costa.
13:54 of 1st period - Stopped by Andrew Hammond with a rebound.
14:06 of 1st period - Wrist shot by Vojtech Polak.
14:06 of 1st period - Stopped by Brad Thiessen without a rebound.
14:07 of 1st period - Shane Prince wins face-off versus Calle Jarnkrok in Senators zone.
14:12 of 1st period - Wrist shot by Calle Jarnkrok.
14:12 of 1st period - Stopped by Brad Thiessen with a rebound.
14:14 of 1st period - Snap shot by Dennis Everberg.
14:14 of 1st period - Stopped by Brad Thiessen without a rebound.
14:15 of 1st period - Jean-Gabriel Pageau wins face-off versus Stephane Da Costa in Senators zone.
14:16 of 1st period - Snap shot by Joel Armia.
14:16 of 1st period - Goal by Joel Armia - Senators : 1 - Harfangs : 1.
14:17 of 1st period - Jean-Gabriel Pageau wins face-off versus Stephane Da Costa in neutral zone.
15:05 of 1st period - Nathan Beaulieu is hit by Matt Frattin.
15:13 of 1st period - Wrist shot by Calle Jarnkrok.
15:13 of 1st period - Shot Misses the Net.
15:15 of 1st period - Snap shot by Vojtech Polak.
15:15 of 1st period - Goal by Vojtech Polak - Senators : 1 - Harfangs : 2.
15:16 of 1st period - Stephane Da Costa wins face-off versus Jean-Gabriel Pageau in neutral zone.
15:19 of 1st period - Snap shot by Gabriel Landeskog.
15:19 of 1st period - Deflect By Stephane Da Costa.
15:19 of 1st period - Stopped by Andrew Hammond with a rebound.
15:21 of 1st period - Wrist shot by Shane Sims.
15:21 of 1st period - Stopped by Andrew Hammond with a rebound.
16:08 of 1st period - Slapshot by Dylan Olsen.
16:08 of 1st period - Shot Misses the Net.
16:10 of 1st period - Slapshot by John Macfarland.
16:10 of 1st period - Shot Blocked by Tommy Wingels.
16:18 of 1st period - Slapshot by Michal Repik.
16:18 of 1st period - Stopped by Brad Thiessen with a rebound.
16:52 of 1st period - Snap shot by Stephane Da Costa.
16:52 of 1st period - Goal by Stephane Da Costa - Senators : 2 - Harfangs : 2.
16:53 of 1st period - Stephane Da Costa wins face-off versus Jean-Gabriel Pageau in neutral zone.
16:56 of 1st period - Snap shot by Chris Thorburn.
16:56 of 1st period - Shot Blocked by Victor Bartley.
18:08 of 1st period - Wrist shot by Ryan Dzingel.
18:08 of 1st period - Shot Blocked by Brian Lashoff.
18:29 of 1st period - Minor Penalty to Chris Thorburn for Holding.
18:30 of 1st period - Jean-Gabriel Pageau wins face-off versus Stephane Da Costa in Senators zone.
19:14 of 1st period - Slapshot by Victor Bartley.
19:14 of 1st period - Stopped by Brad Thiessen without a rebound.
19:15 of 1st period - Joel Armia wins face-off versus Gabriel Bourque in Senators zone.
Goals for this period are 2 for Senators vs 2 for Harfangs.
Shots for this period are 14 for Senators vs 10 for Harfangs.

2nd period


0:01 of 2nd period - Gabriel Landeskog wins face-off versus Jean-Gabriel Pageau in neutral zone.
0:12 of 2nd period - Slapshot by Victor Bartley.
0:12 of 2nd period - Stopped by Brad Thiessen without a rebound.
0:13 of 2nd period - Jean-Gabriel Pageau wins face-off versus Gabriel Landeskog in Senators zone.
0:20 of 2nd period - Snap shot by Jean-Gabriel Pageau.
0:20 of 2nd period - Shot Misses the Net.
0:22 of 2nd period - Slapshot by Jean-Gabriel Pageau.
0:22 of 2nd period - Goal by Jean-Gabriel Pageau - Senators : 2 - Harfangs : 3.
0:23 of 2nd period - Stephane Da Costa wins face-off versus Jean-Gabriel Pageau in neutral zone.
0:44 of 2nd period - Minor Penalty to Jujhar Khaira for Roughing.
0:45 of 2nd period - Gabriel Landeskog wins face-off versus Jean-Gabriel Pageau in Harfangs zone.
0:50 of 2nd period - Snap shot by Stephane Da Costa.
0:50 of 2nd period - Stopped by Andrew Hammond without a rebound.
0:51 of 2nd period - Stephane Da Costa wins face-off versus Jean-Gabriel Pageau in Harfangs zone.
1:04 of 2nd period - Wrist shot by Chris Thorburn.
1:04 of 2nd period - Shot Blocked by Victor Bartley.
1:06 of 2nd period - Wrist shot by Chris Thorburn.
1:06 of 2nd period - Shot Misses the Net.
1:45 of 2nd period - Stephane Da Costa is hit by Vojtech Polak and loses puck.
2:44 of 2nd period - Penalty to Jujhar Khaira is over, Jujhar Khaira is back on ice.
3:24 of 2nd period - Jake Dotchin is hit by Nicolas Deslauriers and loses puck.
4:22 of 2nd period - Logan Stephenson is hit by Cristoval Nieves and loses puck.
4:44 of 2nd period - Chris Thorburn is hit by Calle Jarnkrok and loses puck.
5:12 of 2nd period - Dylan Blujus is hit by Cristoval Nieves and loses puck.
5:45 of 2nd period - Wrist shot by Patrick Wey.
5:45 of 2nd period - Shot Blocked by Andreas Martinsen.
5:53 of 2nd period - Gabriel Bourque is hit by Tomas Kubalik and loses puck.
6:24 of 2nd period - Wrist shot by Calle Jarnkrok.
6:24 of 2nd period - Shot Misses the Net.
6:38 of 2nd period - Snap shot by Stephane Da Costa.
6:38 of 2nd period - Goal by Stephane Da Costa - Senators : 3 - Harfangs : 3.
6:39 of 2nd period - Jean-Gabriel Pageau wins face-off versus Stephane Da Costa in neutral zone.
6:42 of 2nd period - Slapshot by Victor Bartley.
6:42 of 2nd period - Stopped by Brad Thiessen with a rebound.
6:55 of 2nd period - Slapshot by Victor Bartley.
6:55 of 2nd period - Stopped by Brad Thiessen without a rebound.
6:56 of 2nd period - Cody Eakin wins face-off versus Tommy Wingels in Senators zone.
7:02 of 2nd period - Icing by Matt Frattin.
7:03 of 2nd period - Tommy Wingels wins face-off versus Cody Eakin in Senators zone.
8:12 of 2nd period - Slapshot by Patrick Wey.
8:12 of 2nd period - Stopped by Andrew Hammond without a rebound.
8:13 of 2nd period - Cristoval Nieves wins face-off versus Zemgus Girgensons in Harfangs zone.
8:13 of 2nd period - Cristoval Nieves is hit by Zemgus Girgensons.
8:25 of 2nd period - Wrist shot by Cristoval Nieves.
8:25 of 2nd period - Shot Misses the Net.
8:27 of 2nd period - Wrist shot by Michal Repik.
8:27 of 2nd period - Shot Blocked by Tomas Jurco.
8:27 of 2nd period - Tomas Jurco from Senators is injured at 8:27 of 2nd period (Left Leg).
8:28 of 2nd period - Jean-Gabriel Pageau wins face-off versus Stephane Da Costa in Senators zone.
10:04 of 2nd period - Minor Penalty to Zemgus Girgensons for Interference.
10:05 of 2nd period - Gabriel Landeskog wins face-off versus Jean-Gabriel Pageau in Senators zone.
10:05 of 2nd period - Gabriel Landeskog is hit by Joel Armia.
11:00 of 2nd period - Jeff Petry is hit by Jujhar Khaira and loses puck.
11:31 of 2nd period - Snap shot by Jujhar Khaira.
11:31 of 2nd period - Stopped by Brad Thiessen without a rebound.
11:32 of 2nd period - Gabriel Landeskog wins face-off versus Jean-Gabriel Pageau in Senators zone.
12:04 of 2nd period - Penalty to Zemgus Girgensons is over, Zemgus Girgensons is back on ice.
12:34 of 2nd period - Wrist shot by Gabriel Bourque.
12:34 of 2nd period - Shot Blocked by Jake Dotchin.
13:12 of 2nd period - Snap shot by Andreas Martinsen.
13:12 of 2nd period - Shot Misses the Net.
13:14 of 2nd period - Wrist shot by Tomas Kubalik.
13:14 of 2nd period - Stopped by Brad Thiessen without a rebound.
13:15 of 2nd period - Shane Prince wins face-off versus Tomas Kubalik in Senators zone.
13:25 of 2nd period - Minor Penalty to Andreas Martinsen for Holding.
13:26 of 2nd period - Jean-Gabriel Pageau wins face-off versus Stephane Da Costa in Harfangs zone.
13:32 of 2nd period - Chris Thorburn is hit by Vojtech Polak and loses puck.
14:34 of 2nd period - Icing by Chris Thorburn.
14:35 of 2nd period - Stephane Da Costa wins face-off versus Jean-Gabriel Pageau in Senators zone.
15:05 of 2nd period - Dylan Olsen is hit by Gabriel Bourque and loses puck.
15:25 of 2nd period - Penalty to Andreas Martinsen is over, Andreas Martinsen is back on ice.
15:53 of 2nd period - Slapshot by Gabriel Bourque.
15:53 of 2nd period - Stopped by Andrew Hammond without a rebound.
15:54 of 2nd period - Jean-Gabriel Pageau wins face-off versus Stephane Da Costa in Harfangs zone.
16:24 of 2nd period - Snap shot by Patrick Bordeleau.
16:24 of 2nd period - Shot Blocked by Brian Lashoff.
16:28 of 2nd period - Wrist shot by Marc-André Bernier.
16:28 of 2nd period - Shot Misses the Net.
16:30 of 2nd period - Snap shot by Jeff Petry.
16:30 of 2nd period - Stopped by Andrew Hammond with a rebound.
17:48 of 2nd period - Snap shot by Chris Thorburn.
17:48 of 2nd period - Shot Misses the Net.
18:18 of 2nd period - Dennis Everberg is hit by Gabriel Landeskog and loses puck.
19:09 of 2nd period - Minor Penalty to Matt Frattin for Tripping.
19:10 of 2nd period - Jean-Gabriel Pageau wins face-off versus Gabriel Landeskog in Senators zone.
19:13 of 2nd period - Wrist shot by Jean-Gabriel Pageau.
19:13 of 2nd period - Stopped by Brad Thiessen with a rebound.
19:50 of 2nd period - Off-side.
19:51 of 2nd period - Gabriel Bourque wins face-off versus Jean-Gabriel Pageau in neutral zone.
19:54 of 2nd period - Slapshot by Chris Thorburn.
19:54 of 2nd period - Shot Misses the Net.
Goals for this period are 1 for Senators vs 1 for Harfangs.
Shots for this period are 5 for Senators vs 7 for Harfangs.

3rd period


0:01 of 3rd period - Gabriel Landeskog wins face-off versus Jean-Gabriel Pageau in neutral zone.
0:22 of 3rd period - Joel Armia is hit by Stephane Da Costa and loses puck.
0:29 of 3rd period - Slapshot by Victor Bartley.
0:29 of 3rd period - Stopped by Brad Thiessen without a rebound.
0:30 of 3rd period - Cody Eakin wins face-off versus Gabriel Landeskog in Senators zone.
0:45 of 3rd period - Snap shot by Tomas Kubalik.
0:45 of 3rd period - Stopped by Brad Thiessen without a rebound.
0:46 of 3rd period - Gabriel Landeskog wins face-off versus Jean-Gabriel Pageau in Senators zone.
1:09 of 3rd period - Penalty to Matt Frattin is over, Matt Frattin is back on ice.
1:58 of 3rd period - Icing by Brian Lashoff.
1:59 of 3rd period - Cristoval Nieves wins face-off versus Zemgus Girgensons in Harfangs zone.
1:59 of 3rd period - Cristoval Nieves is hit by Zemgus Girgensons.
2:58 of 3rd period - Jake Dotchin is hit by Gabriel Bourque.
3:34 of 3rd period - Snap shot by Jean-Gabriel Pageau.
3:34 of 3rd period - Deflect By Joel Armia.
3:34 of 3rd period - Shot Blocked by Chris Thorburn.
3:34 of 3rd period - Puck is out of play.
3:35 of 3rd period - Tommy Wingels wins face-off versus Jean-Gabriel Pageau in Senators zone.
4:10 of 3rd period - Snap shot by Calle Jarnkrok.
4:10 of 3rd period - Shot Blocked by Gabriel Bourque.
4:12 of 3rd period - Slapshot by Vojtech Polak.
4:12 of 3rd period - Deflect By Matt Frattin.
4:12 of 3rd period - Stopped by Brad Thiessen without a rebound.
4:13 of 3rd period - Stephane Da Costa wins face-off versus Jean-Gabriel Pageau in Senators zone.
4:38 of 3rd period - Shane Prince is hit by Victor Bartley and loses puck.
4:47 of 3rd period - Cody Eakin is hit by Nicolas Deslauriers and loses puck.
5:02 of 3rd period - Snap shot by Ryan Dzingel.
5:02 of 3rd period - Shot Hit the Post.
5:18 of 3rd period - Snap shot by Jean-Gabriel Pageau.
5:18 of 3rd period - Stopped by Brad Thiessen without a rebound.
5:19 of 3rd period - Jean-Gabriel Pageau wins face-off versus Tommy Wingels in Senators zone.
5:20 of 3rd period - Wrist shot by Jujhar Khaira.
5:20 of 3rd period - Stopped by Brad Thiessen with a rebound.
5:51 of 3rd period - Slapshot by Nathan Beaulieu.
5:51 of 3rd period - Deflect By Andreas Martinsen.
5:51 of 3rd period - Stopped by Brad Thiessen without a rebound.
5:52 of 3rd period - Stephane Da Costa wins face-off versus Cody Eakin in Senators zone.
5:52 of 3rd period - Stephane Da Costa is hit by Cody Eakin.
5:57 of 3rd period - Off-side.
5:58 of 3rd period - Jean-Gabriel Pageau wins face-off versus Stephane Da Costa in neutral zone.
6:07 of 3rd period - Slapshot by Jean-Gabriel Pageau.
6:07 of 3rd period - Deflect By Chris Thorburn.
6:07 of 3rd period - Shot Misses the Net.
6:07 of 3rd period - Puck is out of play.
6:08 of 3rd period - Stephane Da Costa wins face-off versus Jean-Gabriel Pageau in Senators zone.
6:35 of 3rd period - Mark Alt is hit by Logan Stephenson and loses puck.
6:56 of 3rd period - Shane Sims is hit by Victor Bartley and loses puck.
7:21 of 3rd period - Slapshot by Michal Repik.
7:21 of 3rd period - Shot Misses the Net.
7:23 of 3rd period - Snap shot by John Macfarland.
7:23 of 3rd period - Shot Misses the Net.
7:25 of 3rd period - Slapshot by Michal Repik.
7:25 of 3rd period - Stopped by Brad Thiessen without a rebound.
7:26 of 3rd period - Jean-Gabriel Pageau wins face-off versus Tommy Wingels in Senators zone.
7:31 of 3rd period - Wrist shot by Jean-Gabriel Pageau.
7:31 of 3rd period - Shot Misses the Net.
7:51 of 3rd period - Dylan Olsen is hit by Stephane Da Costa and loses puck.
8:10 of 3rd period - Slapshot by Nathan Beaulieu.
8:10 of 3rd period - Deflect By Vojtech Polak.
8:10 of 3rd period - Shot Misses the Net.
8:10 of 3rd period - Puck is out of play.
8:11 of 3rd period - Calle Jarnkrok wins face-off versus Patrick Bordeleau in Senators zone.
8:14 of 3rd period - Snap shot by Calle Jarnkrok.
8:14 of 3rd period - Shot Misses the Net.
8:26 of 3rd period - Snap shot by Patrick Bordeleau.
8:26 of 3rd period - Shot Misses the Net.
9:20 of 3rd period - Slapshot by Nicolas Deslauriers.
9:20 of 3rd period - Deflect By Michal Repik.
9:20 of 3rd period - Stopped by Andrew Hammond with a rebound.
9:22 of 3rd period - Slapshot by Dylan Blujus.
9:22 of 3rd period - Stopped by Andrew Hammond with a rebound.
9:24 of 3rd period - Snap shot by Ryan Dzingel.
9:24 of 3rd period - Stopped by Andrew Hammond with a rebound.
9:26 of 3rd period - Slapshot by Jeff Petry.
9:26 of 3rd period - Stopped by Andrew Hammond with a rebound.
9:28 of 3rd period - Slapshot by Shane Sims.
9:28 of 3rd period - Shot Misses the Net.
10:22 of 3rd period - Slapshot by Nathan Beaulieu.
10:22 of 3rd period - Deflect By Cody Eakin.
10:22 of 3rd period - Shot Misses the Net.
10:22 of 3rd period - Puck is out of play.
10:23 of 3rd period - Cody Eakin wins face-off versus Gabriel Bourque in Senators zone.
10:26 of 3rd period - Snap shot by Cody Eakin.
10:26 of 3rd period - Shot Blocked by Matt Frattin.
10:42 of 3rd period - Snap shot by Andreas Martinsen.
10:42 of 3rd period - Shot Misses the Net.
10:44 of 3rd period - Slapshot by Tomas Kubalik.
10:44 of 3rd period - Stopped by Brad Thiessen with a rebound.
11:07 of 3rd period - Snap shot by Jeff Petry.
11:07 of 3rd period - Shot Blocked by Joel Armia.
11:09 of 3rd period - Slapshot by Jeff Petry.
11:09 of 3rd period - Stopped by Andrew Hammond with a rebound.
11:11 of 3rd period - Slapshot by Marc-André Bernier.
11:11 of 3rd period - Shot Blocked by Jean-Gabriel Pageau.
11:13 of 3rd period - Wrist shot by Patrick Bordeleau.
11:13 of 3rd period - Stopped by Andrew Hammond with a rebound.
11:29 of 3rd period - Snap shot by Matt Frattin.
11:29 of 3rd period - Shot Blocked by Calle Jarnkrok.
11:31 of 3rd period - Wrist shot by Gabriel Bourque.
11:31 of 3rd period - Shot Misses the Net.
11:33 of 3rd period - Slapshot by Shane Sims.
11:33 of 3rd period - Shot Blocked by Dennis Everberg.
12:04 of 3rd period - Jean-Gabriel Pageau is hit by Nicolas Deslauriers.
12:22 of 3rd period - Patrick Bordeleau is hit by Andreas Martinsen.
12:49 of 3rd period - Nathan Beaulieu is hit by Matt Frattin and loses puck.
13:02 of 3rd period - Jeff Petry is hit by Joel Armia and loses puck.
13:27 of 3rd period - Slapshot by Chris Thorburn.
13:27 of 3rd period - Shot Misses the Net.
13:29 of 3rd period - Minor Penalty to Michal Repik for Interference.
13:30 of 3rd period - Jean-Gabriel Pageau wins face-off versus Stephane Da Costa in Harfangs zone.
14:08 of 3rd period - Victor Bartley is hit by Tommy Wingels and loses puck.
15:29 of 3rd period - Penalty to Michal Repik is over, Michal Repik is back on ice.
15:57 of 3rd period - Snap shot by Ryan Dzingel.
15:57 of 3rd period - Stopped by Andrew Hammond with a rebound.
16:28 of 3rd period - Off-side.
16:29 of 3rd period - Calle Jarnkrok wins face-off versus Shane Prince in neutral zone.
16:55 of 3rd period - Minor Penalty to Nicolas Deslauriers for Hooking.
16:56 of 3rd period - Jean-Gabriel Pageau wins face-off versus Gabriel Landeskog in Senators zone.
17:07 of 3rd period - Wrist shot by Vojtech Polak.
17:07 of 3rd period - Stopped by Brad Thiessen with a rebound.
17:09 of 3rd period - Snap shot by Jean-Gabriel Pageau.
17:09 of 3rd period - Stopped by Brad Thiessen without a rebound.
17:10 of 3rd period - Gabriel Landeskog wins face-off versus Jean-Gabriel Pageau in Senators zone.
17:10 of 3rd period - Gabriel Landeskog is hit by Joel Armia.
17:20 of 3rd period - Slapshot by Victor Bartley.
17:20 of 3rd period - Deflect By Jean-Gabriel Pageau.
17:20 of 3rd period - Shot Misses the Net.
17:20 of 3rd period - Puck is out of play.
17:21 of 3rd period - Jean-Gabriel Pageau wins face-off versus Gabriel Landeskog in Senators zone.
17:22 of 3rd period - Snap shot by Vojtech Polak.
17:22 of 3rd period - Stopped by Brad Thiessen without a rebound.
17:23 of 3rd period - Gabriel Landeskog wins face-off versus Jean-Gabriel Pageau in Senators zone.
17:34 of 3rd period - Gabriel Landeskog is hit by Jean-Gabriel Pageau and loses puck.
18:33 of 3rd period - Wrist shot by Gabriel Bourque.
18:33 of 3rd period - Shot Misses the Net.
18:55 of 3rd period - Penalty to Nicolas Deslauriers is over, Nicolas Deslauriers is back on ice.
19:09 of 3rd period - Wrist shot by Dennis Everberg.
19:09 of 3rd period - Stopped by Brad Thiessen with a rebound.
19:11 of 3rd period - Wrist shot by John Macfarland.
19:11 of 3rd period - Shot Misses the Net.
19:13 of 3rd period - Wrist shot by Dennis Everberg.
19:13 of 3rd period - Goal by Dennis Everberg - Senators : 3 - Harfangs : 4.
19:14 of 3rd period - Jean-Gabriel Pageau wins face-off versus Stephane Da Costa in neutral zone.
19:25 of 3rd period - Wrist shot by Andreas Martinsen.
19:25 of 3rd period - Deflect By Jean-Gabriel Pageau.
19:25 of 3rd period - Shot Misses the Net.
19:25 of 3rd period - Puck is out of play.
19:26 of 3rd period - Patrick Roy call a timeout for Senators.
19:26 of 3rd period - Jean-Gabriel Pageau wins face-off versus Stephane Da Costa in Senators zone.
19:31 of 3rd period - Snap shot by Jean-Gabriel Pageau.
19:31 of 3rd period - Shot Blocked by Chris Thorburn.
19:33 of 3rd period - Snap shot by Jean-Gabriel Pageau.
19:33 of 3rd period - Stopped by Brad Thiessen with a rebound.
19:35 of 3rd period - Wrist shot by Nathan Beaulieu.
19:35 of 3rd period - Stopped by Brad Thiessen with a rebound.
19:37 of 3rd period - Snap shot by Nathan Beaulieu.
19:37 of 3rd period - Stopped by Brad Thiessen without a rebound.
19:38 of 3rd period - Stephane Da Costa wins face-off versus Jean-Gabriel Pageau in Senators zone.
19:40 of 3rd period - Minor Penalty to Gabriel Landeskog for Hooking.
19:41 of 3rd period - Jean-Gabriel Pageau wins face-off versus Chandler Stephenson in Senators zone.
Goals for this period are 0 for Senators vs 1 for Harfangs.
Shots for this period are 7 for Senators vs 16 for Harfangs.